 Dungeon Crawl Stone Soup version 0.24.1-8-ga250c9d538 (webtiles) character file.

Game seed: 13761911494736663939, levelgen mode: deterministic

28 Peloso the Skirmisher (level 3, 26/29 HPs)
             Began as a Demonspawn Fighter on May 1, 2020.
             Got out of the dungeon alive.
             The game lasted 00:01:14 (675 turns).

Peloso the Skirmisher (Demonspawn Fighter)           Turns: 675, Time: 00:01:15

Health: 26/29      AC:  8    Str: 17    XL:     3   Next: 0%
Magic:  3/3        EV:  7    Int:  9    God:
Gold:   19         SH:  9    Dex: 12    Spells: 2/2 levels left

rFire    . . .     SeeInvis .   a - +0 long sword
rCold    . . .     Gourm    .   c - +0 shield
rNeg     . . .     Faith    .   b - +0 scale mail
rPois    .         Spirit   .   (no helmet)
rElec    .         Reflect  .   (no cloak)
rCorr    .         Harm     .   (no gloves)
MR       .....                  (no boots)
Stlth    ..........             (no amulet)
HPRegen  0.09/turn              (no ring)
MPRegen  0.08/turn              (no ring)

@: no status effects
A: hooves 1, icy blue scales 1
a: no special abilities


You escaped.
You were not hungry.

You visited 1 branch of the dungeon, and saw 2 of its levels.

You collected 19 gold pieces.

Inventory:

Hand Weapons
 a - a +0 long sword (weapon)
Armour
 b - a +0 scale mail (worn)
 c - a +0 shield (worn)
Scrolls
 e - 2 scrolls of identify {unknown}
Potions
 d - a potion of might
 g - a potion of cancellation {unknown}
Comestibles
 f - 2 rations


   Skills:
 + Level 3.3 Fighting
 + Level 2.1 Long Blades
 + Level 3.1 Armour
 + Level 2.9 Shields


You had 2 spell levels left.
You didn't know any spells.
Your spell library was empty.

Dungeon Overview and Level Annotations

Branches:
Dungeon (2/15)

Altars:


Innate Abilities, Weirdness & Mutations

You have large cloven feet.
You are partially covered in icy blue scales. (AC +2)


Message History

Your experience leads to an increase in your attributes!
Increase (S)trength, (I)ntelligence, or (D)exterity?
You feel stronger.
Your demonic ancestry asserts itself...
Your feet thicken and deform.
(D) Dungeon
Where to? (Enter - D:12, ? - help)
What level of the Dungeon? (default 1, ? - help)
A rat comes into view.
You see here a rat corpse.
There is a stone staircase leading up here.
You climb upwards.
There is a stone staircase leading down here.
(D) Dungeon
Where to? (Enter - D:1 @ (x,y), ? - help)
What level of the Dungeon? (default 1, ? - help)
You see here a rat skeleton.
There is an open door here.
There is a staircase leading out of the dungeon here.
Are you sure you want to leave the Dungeon?
This will make you lose the game!
You have escaped!

#...##....###...####...# #.#
##.........##########'### #.#
##..##.##.....##..##...## #.. #
#..##.###..............# ### #
#.)#..# #....##..##....# # #
##....####.##'######'##.# ###
####...####.###...####...#.####>.
........###.# #...#..#...#......#
##.......#..###.@.#..#...#....###
#...###.......#...#..#...####..#
#...# ##...####...#..#...#####.#
...#####......#####..#####...#)##
##.##.......##.......#...........
##.##.....######.....#######....)
#..##..#### ##................
#.##...# #......####......
......## ####.#...##......


There were no monsters in sight!

Vanquished Creatures
  A giant cockroach (D:1)
  A goblin (D:1)
  5 hobgoblins (D:1)
  5 jackals (D:1)
  A kobold (D:1)
  A quokka (D:2)
  A ball python (D:1)
  3 bats (D:1)
  2 frilled lizards (D:1)
  5 rats
25 creatures vanquished.

Notes
Turn   | Place    | Note
-------+----------+-------------------------------------------
     0 | D:1      | Peloso the Demonspawn Fighter began the quest for the Orb.
     0 | D:1      | Reached XP level 1. HP: 18/18 MP: 1/1
    53 | D:1      | Gained mutation: You are partially covered in icy blue
                  | scales. (AC +2) [demonic ancestry]
    53 | D:1      | Reached XP level 2. HP: 18/24 MP: 2/2
   630 | D:2      | Gained mutation: You have large cloven feet. [demonic
                  | ancestry]
   630 | D:2      | Reached XP level 3. HP: 22/29 MP: 3/3
   675 | D:$      | Got out of the dungeon alive.

Levels and vault maps discovered:
D:1:      dpeg_arrival_houses_and_road, layout_rooms
D:2:      layout_rooms, first_ration, minmay_pentomino_pile

Skill      XL: |  1  2 |
---------------+-------+-----
Armour         | 3 |  3.1
Long Blades    | 2 |  2.1
Fighting       | |  3.3
Shields        | |  2.9

Action                   || total
-------------------------++-------
Melee: Long sword        ||    91
Armor: Scale mail        ||    62
Dodge: Dodged            ||    25
Block: Shield            ||    51
       Rpst.: Long sword ||    10
